 Dungeon Crawl Stone Soup version 0.24.0-37-gcf1ca852f1 (webtiles) character file.

Game seed: 13889436033536902958, levelgen mode: deterministic

88 lilbarb the Magician (level 4, 22/22 HPs)
             Began as a Spriggan Enchanter on Nov 17, 2019.
             Was an Initiate of Gozag.
             Quit the game on level 3 of the Dungeon on Nov 22, 2019.
             The game lasted 00:14:28 (4206 turns).

lilbarb the Magician (Spriggan Enchanter)           Turns: 4206, Time: 00:14:29

Health: 22/22      AC:  2    Str:  4    XL:     4   Next: 30%
Magic:  11/11      EV: 18    Int: 17    God:    Gozag
Gold:   132        SH:  0    Dex: 16    Spells: 3/12 levels left

rFire    . . .     SeeInvis +   a - +1 dagger
rCold    . . .     Gourm    .   (shield restricted)
rNeg     . . .     Faith    .   b - +0 robe
rPois    .         Spirit   .   (helmet restricted)
rElec    .         Reflect  .   (no cloak)
rCorr    .         Harm     .   (gloves unavailable)
MR       .....                  (boots unavailable)
Stlth    +++.......             (no amulet)
HPRegen  0.07/turn              (no ring)
MPRegen  0.12/turn              (no ring)

@: very quick
A: very small, unfitting armour, see invisible, herbivore, speed 3, slow
metabolism 2
a: Potion Petition, Call Merchant, Bribe Branch, Renounce Religion


You were on level 3 of the Dungeon.
You worshipped Gozag.
Gozag was aware of your devotion.
You were not hungry.

You visited 1 branch of the dungeon, and saw 3 of its levels.

You collected 145 gold pieces.
You paid 13 gold pieces to Gozag.

Inventory:

Hand Weapons
 a - a +1 dagger (weapon)
Missiles
 r - 5 poisoned darts (quivered)
Armour
 b - a +0 robe (worn)
Scrolls
 g - a scroll of enchant armour {unknown}
 h - a scroll of amnesia {unknown}
 l - a scroll of remove curse {unknown}
 m - a scroll of teleportation {unknown}
 o - a scroll of enchant weapon {unknown}
 p - a scroll of immolation {unknown}
Potions
 c - a potion of degeneration {unknown}
 e - 2 potions of might
 f - a potion of brilliance {unknown}
 i - a potion of curing {unknown}
 j - a potion of haste {unknown}
 k - a potion of heal wounds {unknown}
 n - a potion of mutation {unknown}
 q - a potion of lignification {unknown}
Comestibles
 d - a ration


   Skills:
 - Level 1.0 Fighting
 - Level 1.1 Short Blades
 - Level 3.0 Dodging
 - Level 4.4 Stealth
 + Level 4.5 Spellcasting
 * Level 4.2 Hexes
 - Level 1.0 Ice Magic


You had 3 spell levels left.
You knew the following spells:

 Your Spells              Type           Power        Failure   Level  Hunger
a - Corona                Hex            ###....      2%          1    None
b - Ensorcelled Hibernat  Hex/Ice        ##....       8%          2    ##.....
c - Confuse               Hex            ###.....     8%          3    ###....
d - Tukima's Dance        Hex            ###.....     8%          3    ###....

Your spell library contained the following spells:

 Spells                   Type           Power        Failure   Level  Hunger
 Dazzling Spray           Conj/Hex       ##....       19%         3    ###....


Dungeon Overview and Level Annotations

Branches:
Dungeon (3/15)

Altars:
Cheibriados
Gozag
Ru
Sif Muna
Trog
Vehumet


Innate Abilities, Weirdness & Mutations

You are very small and have problems with some larger weapons.
You are too small for most types of armour.
You have supernaturally acute eyesight. (SInv)
You are a herbivore.
You cover ground extremely quickly.
You need to consume almost no food.


Message History

[b] - 0 gold - haste and heal wounds [c] - 0 gold - heal wounds and curing Purchase which effect?
Welcome back, lilbarb the Spriggan Enchanter.
Gozag says: Greed is good.
Press ? for a list of commands and other information. [a] - 0 gold - flight, agility, invisibility and haste [b] - 0 gold - haste and heal wounds [c] - 0 gold - heal wounds and curing Purchase which effect?
Welcome back, lilbarb the Spriggan Enchanter.
Gozag says: Greed is good.
Press ? for a list of commands and other information. [a] - 0 gold - flight, agility, invisibility and haste [b] - 0 gold - haste and heal wounds [c] - 0 gold - heal wounds and curing Purchase which effect?
You feel much better.
You feel better.
Okay, then.
Are you sure you want to abandon this character and quit the game? (Confirm with "yes".)

......#.........###
...........⌠......#
####..#...........#
#..........#
#..._......# ####
#.....#....# ....
#.######...######
####
.................
....
..#######@######
.... #.......[ ....
######### ####


There were no monsters in sight!

Vanquished Creatures
  3 adders (D:2)
  A worm (D:2)
  2 leopard geckos (D:1)
  6 bats
  3 giant cockroaches
  4 goblins (D:1)
  7 hobgoblins
  10 jackals
  A ball python (D:3)
  4 frilled lizards
  6 kobolds
  4 rats
51 creatures vanquished.

Notes
Turn   | Place    | Note
-------+----------+-------------------------------------------
     0 | D:1      | lilbarb the Spriggan Enchanter began the quest for the Orb.
     0 | D:1      | Reached XP level 1. HP: 9/9 MP: 5/5
   603 | D:1      | Reached skill level 1 in Fighting
  1097 | D:1      | Reached XP level 2. HP: 14/14 MP: 7/7
  1101 | D:1      | Learned a level 2 spell: Ensorcelled Hibernation
  2226 | D:1      | Reached XP level 3. HP: 18/18 MP: 1/9
  2488 | D:2      | Found a sacrificial altar of Ru.
  2493 | D:2      | Reached skill level 1 in Ice Magic
  2996 | D:2      | Reached XP level 4. HP: 22/22 MP: 11/11
  3538 | D:2      | Learned a level 3 spell: Confuse
  3542 | D:2      | Learned a level 3 spell: Tukima's Dance
  3639 | D:2      | Found a snail-covered altar of Cheibriados.
  3639 | D:2      | Found a faded altar of an unknown god.
  3644 | D:2      | Found a faded altar of an unknown god.
  3646 | D:2      | Found an opulent altar of Gozag.
  3647 | D:2      | Found a shimmering blue altar of Sif Muna.
  3651 | D:2      | Became a worshipper of Gozag Ym Sagoz the Greedy
  4119 | D:3      | Found a radiant altar of Vehumet.
  4124 | D:3      | Found a bloodstained altar of Trog.
  4206 | D:3      | Upgraded the game from 0.24.0-35-gdb84b6a5db to
                  | 0.24.0-37-gcf1ca852f1
  4206 | D:3      | Quit the game

Levels and vault maps discovered:
D:1:      minmay_arrival_cross, layout_basic
D:2:      layout_loops_ring, chequers_temple_overflow_minitemple,
          hangedman_ru_absence
D:3:      layout_loops_ring, grunt_temple_overflow_open, first_ration,
          minmay_randomly_rotated_circles

Skill      XL: |  1  2  3 |
---------------+----------+-----
Fighting       | 1 |  1.0
Spellcasting   | 3 4 |  4.5
Ice Magic      | 1 |  1.0
Hexes          | 4 |  4.2
Short Blades   | |  1.1
Dodging        | |  3.0
Stealth        | |  4.4

Action                   |  1- 3 |  4- 6 || total
-------------------------+-------+-------++-------
Melee: Dagger            |   133 |    93 ||   226
 Cast: Ensorcelled Hiber |    24 |     5 ||    29
Invok: Potion Petition   |       |     1 ||     1
  Use: Scroll            |       |     1 ||     1
 Stab: Sleeping          |    21 |     5 ||    26
  Eat: Ration            |     1 |     1 ||     2
Armor: Robe              |    18 |     4 ||    22
Dodge: Dodged            |   103 |    85 ||   188
